 Dungeon Sprint DCSS version 0.28.0-53-g5a82cb258f (webtiles) character file.

Game seed: 14110572925999373790

9 Zeld the Conjurer (level 2, 0/15 HPs)
             Began as a Deep Elf Conjurer on May 29, 2022.
             Slain by a rat (2 damage)
             ... in the Dungeon (Sprint IV: "Fedhas' Mad Dash").
             The game lasted 00:00:21 (113 turns).

Zeld the Conjurer (Deep Elf Conjurer)                Turns: 113, Time: 00:00:22

Health: 0/15       AC:  2    Str:  4    XL:     2   Next: 3%
Magic:  0/9        EV: 12    Int: 22    God:
Gold:   0          SH:  0    Dex: 13    Spells: 8/9 levels left

rFire   . . .      SeeInvis .   (no weapon)
rCold   . . .      Faith    .   (no shield)
rNeg    . . .      Spirit   .   a - +0 robe
rPois   .          Reflect  .   (no helmet)
rElec   .          Harm     .   (no cloak)
rCorr   .          Rampage  .   (no gloves)
Will    .....      NoTele   +   (no boots)
Stlth   ++........              (no amulet)
HPRegen 0.05/turn               (no ring)
MPRegen 0.11/turn               (no ring)

@: no status effects
A: no striking features
a: no special abilities


You were in the Dungeon.
You visited 1 branch

Inventory:

Armour
 a - a +0 robe (worn)
Scrolls
 g - a scroll of blinking
Potions
 b - a potion of curing
 c - a potion of heal wounds
 d - a potion of haste
 e - 2 potions of magic
 f - a potion of berserk rage


   Skills:
 - Level 2.4 Dodging
 - Level 2.4 Stealth
 * Level 4.3 Spellcasting
 * Level 5.1 Conjurations
 + Level 1.8 Hexes
 + Level 1.4 Translocations


You had 8 spell levels left.
You knew the following spells:

 Your Spells              Type           Power      Damage    Failure   Level
a - Magic Dart            Conj           100%       1d8       1%          1

Your spell library contained the following spells:

 Spells                   Type           Power      Damage    Failure   Level
 Searing Ray              Conj           54%        2d6       1%          2
 Dazzling Flash           Conj/Hex       40%        N/A       8%          3
 Fulminant Prism          Conj/Hex       10%        3d9       26%         4
 Iskenderun's Mystic Bla  Conj/Tloc      19%        2d6       28%         4


Dungeon Overview and Level Annotations

Branches:
Dungeon (1/1)

Altars:


Message History

Confirm with . or Enter, or press ? or * to list all spells.
Aiming: Magic Dart (safe; 1% risk of failure)
Press: ? - help, Shift-Dir - straight line, f/p - river rat
Aim: a river rat (lightly wounded, 100% to hit)
The magic dart hits the river rat but does no damage.
The river rat is lightly wounded.
Unknown command.
Casting: Magic Dart (safe; 1% risk of failure)
Confirm with . or Enter, or press ? or * to list all spells.
Aiming: Magic Dart (safe; 1% risk of failure)
Press: ? - help, Shift-Dir - straight line, f/p - river rat
Aim: a river rat (lightly wounded, 100% to hit)
The magic dart hits the river rat.
The river rat is moderately wounded.
Unknown command.
Casting: Magic Dart (safe; 1% risk of failure)
Confirm with . or Enter, or press ? or * to list all spells.
Aiming: Magic Dart (safe; 1% risk of failure)
Press: ? - help, Shift-Dir - straight line, f/p - river rat
Aim: a river rat (moderately wounded, 100% to hit)
The magic dart hits the river rat!
The river rat is almost dead.
The river rat bites you!
Ouch! That really hurt!
* * * LOW HITPOINT WARNING * * *
Casting: Magic Dart (safe; 1% risk of failure)
Confirm with . or Enter, or press ? or * to list all spells.
Aiming: Magic Dart (safe; 1% risk of failure)
Press: ? - help, Shift-Dir - straight line, f/p - river rat
Aim: a river rat (almost dead, 100% to hit)
The magic dart hits the river rat.
You kill the river rat!
Your Spellcasting skill increases to level 4!
Your Conjurations skill increases to level 5!
Your Hexes skill increases to level 1!
Your Translocations skill increases to level 1!
You have reached level 2!
You hit the rat but do no damage. The rat closely misses you.
You hit the rat but do no damage. The rat bites you.
You die...

###### #####
#<..P#.....#
#PP.@r.)...+
#PPPP#.....#
###### #####


You could see a rat.

Vanquished Creatures
  A river rat (D)
1 creature vanquished.

Notes
Turn   | Place    | Note
-------+----------+-------------------------------------------
     0 | D        | Zeld the Deep Elf Conjurer began the quest for the Orb.
     0 | D        | Reached XP level 1. HP: 10/10 MP: 6/6
   112 | D        | Reached skill level 5 in Conjurations
   112 | D        | Reached skill level 1 in Hexes
   112 | D        | Reached skill level 1 in Translocations
   112 | D        | Reached XP level 2. HP: 2/15 MP: 0/9
   113 | D        | Slain by a rat

Illustrated notes

Levels and vault maps discovered:
D:        dungeon_sprint_fedhas [sprint_temple]

Skill      XL: |  1 |
---------------+----+-----
Spellcasting   | 4 |  4.3
Conjurations   | 5 |  5.1
Hexes          | 1 |  1.8
Translocations | 1 |  1.4
Dodging        | |  2.4
Stealth        | |  2.4

Action                   || total
-------------------------++-------
Melee: Unarmed           ||     3
 Cast: Magic Dart        ||     6
Dodge: Dodged            ||     1
